 Dungeon Crawl Stone Soup version 0.30.0-10-gfe55d96785 (webtiles) character file.

Game seed: 13781417608651851138

28 monsoonserge the Cudgeller (level 2, -5/17 (22) HPs)
             Began as a Mummy Reaver on May 16, 2023.
             Slain by a gnoll
             ... wielding a +0 halberd
              (10 damage)
             ... on level 2 of the Dungeon.
             The game lasted 00:04:18 (1236 turns).

monsoonserge the Cudgeller (Mummy Reaver)           Turns: 1236, Time: 00:04:19

HP:   -5/17 (22)    AC:  3    Str: 15    XL:     2   Next: 96%
MP:   4/5           EV: 11    Int: 12    God:
Gold: 75            SH:  0    Dex: 10    Spells: 5/6 levels left

rFire   x . .        h - +0 flail
rCold   + . .        (no shield)
rNeg    + + +        b - +0 leather armour
rPois   ∞            (no helmet)
rElec   .            (no cloak)
rCorr   .            (no gloves)
SInv    .            (no boots)
Will    .....        (no amulet)
Stlth   +            (no ring)
HPRegen 0.22/turn    (no ring)
MPRegen 0.09/turn

%: faith
@: heavily drained
A: cold resistance 1, negative energy resistance 3, torment resistance 2, heat
vulnerability 1, no potions, faith
a: no special abilities


You were on level 2 of the Dungeon.
You visited 1 branch of the dungeon, and saw 2 of its levels.

You collected 75 gold pieces.

Inventory:

Hand Weapons
 h - a +0 flail (weapon)
Armour
 b - a +0 leather armour (worn)
 g - a +0 ring mail
Magical Staves
 a - a staff of fire
Scrolls
 c - a scroll of noise {unknown}
 d - 2 scrolls of amnesia {unknown}
 e - 3 scrolls of identify {unknown}
 f - 2 scrolls of teleportation {unknown}


   Skills:
 + Level 2.0 Fighting
 + Level 3.0 Maces & Flails
 * Level 0.6 Armour
 + Level 1.5 Dodging
 + Level 2.7 Spellcasting
 * Level 2.5 Conjurations


You had 5 spell levels left.
You knew the following spells:

 Your Spells              Type           Power      Damage    Failure   Level
a - Kiss of Death         Conj/Necr      16%        2d6       19%         1

Your spell library contained the following spells:

 Spells                   Type           Power      Damage    Failure   Level
 Momentum Strike          Conj/Tloc      8%         3d8       28%         2
 Hailstorm                Conj/Ice       4%         3d4       50%         3


Dungeon Overview and Level Annotations

Branches:
Dungeon (2/15)

Altars:


Innate Abilities, Weirdness & Mutations

You are immune to poison.
Your flesh is cold resistant. (rC+)
You are immune to negative energy. (rN+++)
You are immune to unholy pain and torment.
You are vulnerable to heat. (rF-)
You do not drink.
You have a special connection with the divine. (Faith)


Message History

This altar belongs to (a) Xom, (b) Makhleb or (c) Qazlal, but you can't tell which.
Press the corresponding letter to learn more about a god, or press enter to convert or escape to cancel.
Okay, then.
A ball python comes into view.
The ball python hisses angrily.
The ball python barely misses you. The ball python grabs you.
The ball python constricts you.
You barely miss the ball python. The ball python bites you.
The ball python constricts you. The ball python closely misses you.
The ball python constricts you.
You closely miss the ball python.
The ball python bites you but does no damage.
The ball python constricts you.
You barely miss the ball python.
The ball python bites you but does no damage.
The ball python constricts you. The ball python bites you.
The ball python constricts you.
You thump the ball python!
You kill the ball python!
The gnoll hits you from afar with a +0 halberd.
The gnoll hits the plant with a +0 halberd!
The plant begins to die.
A gnoll comes into view. It is wielding a +0 whip.
Press: ? - help, v - describe, . - travel
Here: a gnoll, wielding a +0 whip The floor.
Casting: Kiss of Death (safe; 19% risk of failure)
Confirm with . or Enter, or press ? or * to list all spells.
Aiming: Kiss of Death (safe; 19% risk of failure)
Press: ? - help, Shift-Dir - straight line, f - gnoll
Aim: a gnoll, wielding a +0 whip (100% to hit)
The negative energy hits the gnoll!
The gnoll is drained!
The gnoll is almost dead.
You feel drained. The gnoll hits you with a +0 whip.
The gnoll hits you from afar with a +0 halberd.
* * * LOW HITPOINT WARNING * * *
You hit the gnoll.
You kill the gnoll!
The gnoll hits you from afar with a +0 halberd!
Ouch! That really hurt!
You die...

#.......#####..#
.gg.......PPP..#
#.#..P.P..P.##.#
#...P..g####P..# #.#
###.....P.#
#.####_.P...P..#
#.#..###.P⌠~.~.#
#..#.#..#.g..⌠.P..#
#..#.#.@#..†⌠⌠P...#
#..#.#.)###.......#
#..#g#..g......P..#
#..#.#......P.P...#
######.)#.#########....#
........#g# #####
#######<#.# ......g.#g#
........#.#


You could see a gnoll.

Vanquished Creatures
  2 gnolls
  A dart slug (D:1)
  5 ball pythons
  An endoplasm (D:1)
  A giant cockroach (D:2)
  A goblin (D:1)
  3 kobolds (D:1)
  3 bats
  A frilled lizard (D:1)
18 creatures vanquished.

Notes
Turn   | Place    | Note
-------+----------+-------------------------------------------
     0 | D:1      | monsoonserge the Mummy Reaver began the quest for the Orb.
     0 | D:1      | Reached XP level 1. HP: 16/16 MP: 4/4
   290 | D:1      | Reached XP level 2. HP: 14/22 MP: 5/5
   947 | D:1      | Reached skill level 3 in Maces & Flails
  1205 | D:2      | Found a faded altar of an unknown god.
  1236 | D:2      | Slain by a gnoll

Illustrated notes

Levels and vault maps discovered:
D:1:      scummos_arrival_gate, layout_loops_corners
D:2:      layout_basic, shapermc_ecumenical_altar_mp_ritualfount,
          minmay_fractal_squares_gapless_5

Skill      XL: |  1  2 |
---------------+-------+-----
Maces & Flails | 3 |  3.0
Fighting       | |  2.0
Armour         | |  0.6
Dodging        | |  1.5
Spellcasting   | |  2.7
Conjurations   | |  2.5

Action                     || total
---------------------------++-------
  Melee: Mace              ||    33
         Flail             ||    12
   Cast: Kiss of Death     ||     2
   Stab: Sleeping          ||     1
 Armour: Leather armour    ||    10
  Dodge: Dodged            ||    35
